 Dungeon Crawl Stone Soup version 0.21-a0-178-g0b87683 (webtiles) character file.

4 MackTheKnife the Cutter (level 1, 0/16 HPs)
             Began as a Vine Stalker Berserker on Aug 9, 2017.
             Was a Follower of Trog.
             Slain by a goblin
             ... wielding a +0 club
             ... led by Robin
              (2 damage)
             ... on level 2 of the Dungeon.
             The game lasted 00:00:19 (29 turns).

MackTheKnife the Cutter (Vine Stalker Berserker)      Turns: 29, Time: 00:00:20

Health: 0/16       AC:  2    Str: 24    XL:     1   Next: 60%
Magic:  0/2        EV: 12    Int:  7    God:    Trog [*.....]
Gold:   0          SH:  0    Dex: 13    Spells: 0/0 levels left

rFire    . . .     SeeInvis .   a - +0 short sword
rCold    . . .     Gourm    .   (no shield)
rNeg     . . .     Faith    .   b - +0 animal skin
rPois    .         Spirit   +   (no helmet)
rElec    .         Reflect  .   (no cloak)
rCorr    .         Harm     .   (no gloves)
MR       .....                  (no boots)
Stlth    ..........             (no amulet)
HPRegen  0.05/turn              (no ring)
MPRegen  0.08/turn              (no ring)

@: berserking, very quick
A: fangs 2, magic shield, antimagic bite, no potion heal 3, rot immunity
a: Berserk, Burn Spellbooks, Renounce Religion


You were on level 2 of the Dungeon.
You worshipped Trog.
Trog was aware of your devotion.
You were not hungry.

You visited 1 branch of the dungeon, and saw 2 of its levels.

Inventory:

Hand Weapons
 a - a +0 short sword (weapon)
Armour
 b - a +0 animal skin (worn)
Scrolls
 d - a scroll of identify {unknown}
Comestibles
 c - a bread ration {@e1}


   Skills:
 - Level 2.6 Fighting
 + Level 3.0 Short Blades
 - Level 1.5 Armour
 - Level 1.5 Dodging


You couldn't memorise any spells.
You didn't know any spells.

Dungeon Overview and Level Annotations

Branches:
Dungeon (2/15)

Altars:

Annotations:
D:2 Robin


Innate Abilities, Weirdness & Mutations

You have extremely sharp teeth.
When hurt, damage is shared between your health and your magic reserves.
Your bite disrupts and absorbs the magic of your enemies.
Potions cannot restore your health.
You are immune to rotting.


Message History

Welcome, MackTheKnife the Vine Stalker Berserker.
It is said that the Orb of Zot exists deep within this dungeon.
Trog says: Kill them all!
Found a staircase leading out of the dungeon.
Found a scroll labeled ZIUBBO WELIBALE.
Found a stone staircase leading down.
d - a scroll labeled ZIUBBO WELIBALE
There is a stone staircase leading down here.
You climb downwards.
There is a stone staircase leading up here.
A goblin and 3 hobgoblins come into view.
The hobgoblin shouts!
A hobgoblin comes into view. It is wielding a club.
A goblin comes into view.
The hobgoblin shouts!
A goblin and Robin come into view.
The goblin shouts!
The hobgoblin shouts! x2
Robin shouts! 2 goblins come into view.
Okay, then.
You closely miss the hobgoblin.
The goblin shouts!
The hobgoblin hits you but does no damage.
Robin throws the goblin at you! The goblin hits you but does no damage.
A goblin comes into view. It is wielding a club.
You closely miss the goblin.
The goblin shouts! x2
Your bite misses the goblin. The hobgoblin hits you with a club. x2
The goblin hits you but does no damage.
You take 7 damage, and have 4/11 hp.
MASSIVE DAMAGE!!
You now have 1/2 mp.
A red film seems to cover your vision as you go berserk!
You feel yourself moving faster!
You feel mighty!
You feel a lot more hungry. The hobgoblin closely misses you.
The goblin barely misses you. The hobgoblin closely misses you.
You now have 6/16 hp.
You puncture the goblin!
You kill the goblin!
Trog accepts your kill. The hobgoblin closely misses you.
You closely miss the hobgoblin. Robin throws the goblin at you!
The goblin hits you but does no damage. The hobgoblin misses you.
You puncture the hobgoblin!
You kill the hobgoblin!
Trog accepts your kill.
You closely miss the hobgoblin. The goblin hits you.
* * * LOW HITPOINT WARNING * * *
The hobgoblin hits you with a club.
* * * LOW HITPOINT WARNING * * *
You take 4 damage, and have 2/16 hp.
MASSIVE DAMAGE!!
You hit the goblin.
You kill the goblin!
Trog accepts your kill.
Your Short Blades skill increases to level 3!
Robin roars a battlecry!
The goblins go into a battle-frenzy!
The hobgoblin closely misses you.
You hear a shout!
You hit the hobgoblin. You bite the hobgoblin. You drain its power.
You feel invigorated. The hobgoblin barely misses you.
Robin throws the goblin at you!
MP restored: 2 You hit the goblin.
The goblin hits you with a club.
You die...

###########
#..........
...[......
#.........
#.........
####
#.<.......
..g
#.+#######
#..#g#g##..#
#...ggg@g..#
#...g####.##
#.# ....
...### ###.#
#.# #.# #.#


You could see Robin, 3 hobgoblins and 4 goblins.

Vanquished Creatures
  2 goblins (D:2)
  A hobgoblin (D:2)
3 creatures vanquished.

Notes
Turn   | Place    | Note
-------+----------+-------------------------------------------
     0 | D:1      | MackTheKnife the Vine Stalker Berserker began the quest for the Orb.
     0 | D:1      | Reached XP level 1. HP: 11/11 MP: 2/2
    18 | D:2      | Noticed Robin
    26 | D:2      | HP: 4/16 [goblin[Robin] (2)]
    27 | D:2      | Reached skill level 3 in Short Blades
    29 | D:2      | Slain by a goblin

Vault maps used:
D:1:      tarquinn_simple_flora_water_b, wad_floor_pattern_2,
          minmay_heptomino_o4
D:2:      nemelex_xobeh_ov_fountains_minmay, nicolae_qazlal_general_emergency,
          serial_corexii_hall, corexii_hall_statues_u, corexii_hall_statues_t,
          hangedman_glass_teeth, uniq_robin

Skill      XL: |  1 |
---------------+----+-----
Short Blades   | 3 |  3.0
Fighting       | |  2.6
Armour         | |  1.5
Dodging        | |  1.5

Action                   || total
-------------------------++-------
Melee: Short sword       ||     9
       Bite              ||     1
Invok: Berserk           ||     1
Armor: Animal skin       ||     2
Dodge: Dodged            ||     7

Vault maps used:
D:1:      tarquinn_simple_flora_water_b, wad_floor_pattern_2,
          minmay_heptomino_o4
D:2:      nemelex_xobeh_ov_fountains_minmay, nicolae_qazlal_general_emergency,
          serial_corexii_hall, corexii_hall_statues_u, corexii_hall_statues_t,
          hangedman_glass_teeth, uniq_robin

Table legend:
 A = Turns spent in this place as a percentage of turns spent in the entire game.
 B = Non-inter-level travel turns spent in this place as a percentage of non-inter-level travel turns spent in the entire game.
 C = Inter-level travel turns spent in this place as a percentage of turns spent in this place.
 D = Turns resting spent in this place as a percentage of non-inter-level travel turns spent in this place.
 E = Turns spent auto-exploring this place as a percentage of non-inter-level travel turns spent in this place.
 F = Non-inter-level travel turns spent in this place divided by the number of levels of this place that you've seen.
                   A       B       C       D       E      F
               +-------+-------+-------+-------+-------+----------------------
         Total | 100.0 | 100.0 |   0.0 |   0.0 |   0.0 |  15.5
       Dungeon | 100.0 | 100.0 |   0.0 |   0.0 |   0.0 |  15.5
               +-------+-------+-------+-------+-------+----------------------

Table legend:
 A = Kills in this place as a percentage of kills in entire the game.
 B = Kills by you in this place as a percentage of kills by you in the entire game.
 C = Kills by friends in this place as a percentage of kills by friends in the entire game.
 D = Other kills in this place as a percentage of other kills in the entire game.
 E = Experience gained in this place as a percentage of experience gained in the entire game.
 F = Experience gained in this place divided by the number of levels of this place that you have seen.
                   A       B       C       D       E      F
               +-------+-------+-------+-------+-------+----------------------
         Total | 100.0 | 100.0 |  -nan |  -nan | 100.0 |   3.0
       Dungeon | 100.0 | 100.0 |  -nan |  -nan | 100.0 |   3.0
               +-------+-------+-------+-------+-------+----------------------
